 Dungeon Crawl Stone Soup version 0.27.0-1-g7a089689b8 (webtiles) character file.

Game seed: 3049918283911543833

191 shoop the Magician (level 6, 0/41 HPs)
             Began as a Djinni Venom Mage on July 31, 2021.
             Was a Believer of Ashenzari.
             Killed by their own static electricity (2 damage)
             ... on level 4 of the Dungeon.
             The game lasted 00:05:29 (2982 turns).

shoop the Magician (Djinni Venom Mage)              Turns: 2982, Time: 00:05:29

Health: 0/41       AC:  2    Str:  8    XL:     6   Next: 1%
Gold:   103        EV: 13    Int: 18    God:    Ashenzari [**....] SH:  0 Dex: 13

rFire    + + +     SeeInvis +   j - +0 rapier "Irritation of Ashenzari" {Self, Range} (curse)
rCold    x . .     Faith    .   (no shield)
rNeg     . . .     Spirit   .   a - +0 robe of the Heavens {Self, Range} (curse)
rPois    ∞         Reflect  .   (no helmet)
rElec    .         Harm     .   (no cloak)
rCorr    .         Rampage  .   (no gloves)
Will     .....                  (boots unavailable)
Stlth    ++........             (no amulet)
HPRegen  0.13/turn              e - ring of Ashenzari's Hedonism {rF+, Self, Cun} (curse)
MPRegen  0.00/turn              (no ring)

@: flying
A: sickness immunity, fire resistance 2, cold vulnerability 1, float, innate
caster, hp casting, extra vitality 1
a: Renounce Religion, Curse Item, Shatter the Chains


You were on level 4 of the Dungeon.
You worshipped Ashenzari.
Ashenzari was pleased with you.
You visited 1 branch of the dungeon, and saw 4 of its levels.

You collected 103 gold pieces.

Inventory:

Hand Weapons
 b - a +0 dagger
 j - the cursed +0 rapier "Irritation of Ashenzari" (weapon) {Self, Range}
   (You found it on level 2 of the Dungeon)

   It has a curse which improves the following skills: Introspection: Fighting
   and Spellcasting.
   Ranged Combat: Slings, Bows, Crossbows and Throwing.
 m - a +0 long sword
 o - a +0 hunting sling
 p - a +2 dagger of electrocution
Missiles
 c - 5 silver javelins
Armour
 a - the cursed +0 robe of the Heavens (worn) {Self, Range}

   It has a curse which improves the following skills: Introspection: Fighting
   and Spellcasting.
   Ranged Combat: Slings, Bows, Crossbows and Throwing.
Jewellery
 e - the cursed ring of Ashenzari's Hedonism (left hand) {rF+, Self, Cun}
   (You found it on level 1 of the Dungeon)

   [ring of protection from fire]

   rF:        It protects you from fire.
   It has a curse which improves the following skills: Introspection: Fighting
   and Spellcasting.
   Cunning:   Dodging and Stealth.
Scrolls
 l - a scroll of fog
 n - a scroll of fear
Potions
 d - 3 potions of curing
 f - a potion of lignification
 g - a potion of berserk rage
 h - a potion of might
 i - a potion of haste
 k - a potion of attraction
 q - a potion of brilliance


   Skills:
 - Level 2.1(3.3) Dodging
 - Level 1.5(2.6) Stealth
 + Level 4.8(7.7) Spellcasting


You had 7 spell levels left.
You knew the following spells:

 Your Spells              Type           Power      Damage    Failure   Level
a - Sting                 Tmut/Pois      100%       1d8       1%          1
b - Poisonous Vapours     Pois/Air       70%        N/A       1%          2
c - Mephitic Cloud        Conj/Pois/Air  35%        N/A       1%          3
d - Olgreb's Toxic Radia  Pois           35%        N/A       4%          4
e - Freeze                Ice            100%       1d11      1%          1
f - Static Discharge      Conj/Air       35%        N/A       1%          2
Your spell library was empty.

Dungeon Overview and Level Annotations

Branches:
Dungeon (4/15)
 Temple: D:4-7

Altars:
Ashenzari
Trog
Uskayaw


Innate Abilities, Weirdness & Mutations

You are immune to sickness and miasma.
You are immune to poison.
Your flesh is very heat resistant. (rF++)
You are vulnerable to cold. (rC-)
You float through the air rather than walking.
You learn spells naturally, not from books.
Your magical power is your life essence.
You have superior vitality. (+4 HP)


Message History

* * * LOW HITPOINT WARNING * * *
You hit the bullfrog zombie but do no damage.
The bullfrog zombie is almost destroyed.
The bullfrog zombie barely misses you.
You barely miss the bullfrog zombie.
The bullfrog zombie is almost destroyed.
The bullfrog zombie barely misses you. The bullfrog zombie closely misses you.
You barely miss the bullfrog zombie.
The bullfrog zombie is almost destroyed.
The bullfrog zombie closely misses you.
You hit the bullfrog zombie.
The bullfrog zombie is almost destroyed.
The bullfrog zombie barely misses you. The bullfrog zombie hits you.
* * * LOW HITPOINT WARNING * * *
You hit the bullfrog zombie.
The bullfrog zombie is almost destroyed.
The bullfrog zombie hits you.
* * * LOW HITPOINT WARNING * * *
You completely miss the bullfrog zombie.
The bullfrog zombie is almost destroyed.
The bullfrog zombie barely misses you. The bullfrog zombie closely misses you.
Casting: Sting (safe; 1% risk of failure)
Confirm with . or Enter, or press ? or * to list all spells.
Okay, then.
Casting: Sting (safe; 1% risk of failure)
Confirm with . or Enter, or press ? or * to list all spells.
Aiming: Freeze (safe; 1% risk of failure)
Press: ? - help, Shift-Dir - straight line, f - bullfrog zombie
Aim: a bullfrog zombie (almost destroyed)
Okay, then.
Unknown command.
Casting: Freeze (safe; 1% risk of failure)
Confirm with . or Enter, or press ? or * to list all spells.
Okay, then.
Casting: Freeze (safe; 1% risk of failure)
Confirm with . or Enter, or press ? or * to list all spells.
The bullfrog zombie is struck by an arc of lightning.
You destroy the bullfrog zombie!
You are struck by an arc of lightning.
You die...

#.>.............. ,
#......##'##.........
#......#(..#.........
########...#.........
#.........#.........
#.........#.........
#.........#.........
*
#....####'#.........
,
#....#......@.......
**
#....+.....#######..
, #....#.....# ,,,,*
, ,, #....#.....#, ,
* #....#.....#, , *
#.....# , * ,#.....#*
* , , , #.....# , , ,
, ,


There were no monsters in sight!

Vanquished Creatures
  A black bear (D:4)
  A bullfrog zombie (D:4)
  5 adders
  A worm (D:2)
  A dart slug (D:1)
  An orc (D:3)
  2 endoplasms
  2 giant cockroaches
  8 goblins
  8 hobgoblins
  A quokka (D:3)
  5 ball pythons
  5 bats
  3 frilled lizards
  2 kobolds
  5 rats
51 creatures vanquished.

Notes
Turn   | Place    | Note
-------+----------+-------------------------------------------
     0 | D:1      | shoop the Djinni Venom Mage began the quest for the Orb.
     0 | D:1      | Reached XP level 1. HP: 15/15 MP: 0/0
   174 | D:1      | Reached XP level 2. HP: 19/21 MP: 0/0
   491 | D:1      | Reached skill level 3 in Spellcasting
   609 | D:1      | Found a faded altar of an unknown god.
   622 | D:1      | Became a worshipper of Ashenzari the Shackled
   773 | D:1      | Reached XP level 3. HP: 23/25 MP: 0/0
   773 | D:1      | Learned a level 1 spell: Freeze
  1496 | D:2      | Reached * piety under Ashenzari
  1632 | D:2      | Reached XP level 4. HP: 27/31 MP: 0/0
  2157 | D:3      | Reached ** piety under Ashenzari
  2288 | D:3      | Found a bloodstained altar of Trog.
  2368 | D:3      | Reached skill level 4 in Spellcasting
  2777 | D:4      | Noticed a black bear
  2783 | D:4      | Killed a black bear
  2784 | D:4      | Reached XP level 5. HP: 24/36 MP: 0/0
  2784 | D:4      | Learned a level 2 spell: Static Discharge
  2872 | D:4      | Reached XP level 6. HP: 37/41 MP: 0/0
  2900 | D:4      | Found a hide-covered altar of Uskayaw.
  2982 | D:4      | Killed from afar by themself

Illustrated notes

Levels and vault maps discovered:
D:1:      erik_arrival_orb_chamber, layout_basic, basic_ecumenical_altar,
          hangedman_decor_points, minmay_shallow_snake_nest
D:2:      layout_loops_ring, chequers_avenue, kennysheep_generic_room_6
D:3:      layout_basic, mainiacjoe_overflow_surrounded_room, st_stairs_2,
          grunt_ministairs_7, ebering_dispersal_statue_hall
D:4:      layout_gridville, mainiacjoe_overflow_concentric_impassable,
          serial_undead, serial_undead_c, serial_undead_b, serial_undead_c,
          serial_undead_d, serial_undead_b, serial_undead_c

Skill      XL: |  1  2  3  4 |
---------------+-------------+-----
Spellcasting   | 3 4 |  4.8
Dodging        | |  2.1
Stealth        | |  1.5

Action                   |  1- 3 |  4- 6 || total
-------------------------+-------+-------++-------
Melee: Rapier            |       |    19 ||    19
 Cast: Sting             |    56 |    34 ||    90
       Mephitic Cloud    |       |     1 ||     1
       Olgreb's Toxic Ra |       |     1 ||     1
Invok: Curse Item        |     2 |     1 ||     3
Armor: Robe              |     5 |     1 ||     6
Dodge: Dodged            |    11 |    17 ||    28
